 Dungeon Crawl Stone Soup version 0.21.1-1-g345015fe64 (webtiles) character file.

616 PentaManta the Sneak (level 7, 0/48 HPs)
             Began as an Octopode Assassin on Mar 19, 2018.
             Killed from afar by an electric eel (9 damage)
             ... with a bolt of electricity
             ... on level 6 of the Dungeon.
             The game lasted 00:21:13 (3942 turns).

PentaManta the Sneak (Octopode Assassin)            Turns: 3942, Time: 00:21:14

Health: 0/48       AC:  1    Str: 10    XL:     7   Next: 45%
Magic:  7/7        EV: 15    Int: 13    God:
Gold:   130        SH:  0    Dex: 16    Spells: 6/6 levels left

rFire    . . .     SeeInvis .   b - +0 blowgun
rCold    . . .     Gourm    .   (no shield)
rNeg     . . .     Faith    .   (helmet restricted)
rPois    .         Spirit   .   (no amulet)
rElec    .         Reflect  .   (no ring)
rCorr    .         Harm     .   (no ring)
MR       .....                  (no ring)
Stlth    +++++.....             (no ring)
HPRegen  0.16/turn              (no ring)
MPRegen  0.10/turn              (no ring)
                                (no ring)
                                (no ring)

@: no status effects
A: almost no armour, stealthy swim, amphibious, 8 rings, constrict 8, camouflage
1, gelatinous body 1
a: no special abilities


You were on level 6 of the Dungeon.
You were very hungry.

You visited 1 branch of the dungeon, and saw 7 of its levels.

You collected 130 gold pieces.

Inventory:

Hand Weapons
 a - a +4 dagger
 b - a +0 blowgun (weapon)
Missiles
 c - 34 poisoned needles (quivered)
 d - a curare-tipped needle
Armour
 w - a +0 buckler
Jewellery
 m - an uncursed amulet of magic regeneration {unknown}
 n - an uncursed ring of resist corrosion {unknown}
 y - an uncursed ring of fire {unknown}
Scrolls
 h - 2 scrolls of fog
 l - 2 scrolls of teleportation
Potions
 i - a potion of might
 j - a potion of flight
 o - 2 potions of agility
 p - a potion of berserk rage
 t - a potion of brilliance
 u - a potion of curing {unknown}
 x - a potion of haste {unknown}
Books
 s - a book of Changes

   Spells                             Type                      Level
   a - Beastly Appendage              Transmutation                1
   b - Sticks to Snakes               Transmutation                2
   c - Spider Form                    Transmutation/Poison         3
   d - Ice Form                       Ice/Transmutation            4
   e - Blade Hands                    Transmutation                5
Comestibles
 f - 6 rations


   Skills:
 - Level 4.0 Fighting
 * Level 5.2 Short Blades
 - Level 2.0 Throwing
 * Level 3.7 Dodging
 + Level 7.0 Stealth


You had 6 spell levels left.
You didn't know any spells.

Dungeon Overview and Level Annotations

Branches:
Dungeon (7/15)
 Temple: D:4-7

Altars:
Nemelex Xobeh

Annotations:
D:6 Dowan; VanClaymore's ghost, novice GrMo


Innate Abilities, Weirdness & Mutations

You cannot wear most types of armour.
You are very stealthy in the water. (Stealth+)
You are amphibious.
You can wear up to eight rings at the same time.
You can use your tentacles to constrict eight enemies at once.
Your skin changes colour to match your surroundings (Stealth+).
Your rubbery body absorbs attacks. (AC +1, EV +1)


Message History

You hear a splash.
The electric eel shoots out a bolt of lightning at you!
The bolt of electricity hits the plant.
The bolt of electricity misses you.
Firing (i - inventory. (,) - cycle):
c - 36 poisoned needles (quivered)
Press: ? - help, Shift-Dir - straight line, f/p - electric eel
Aim: an electric eel You shoot a poisoned needle.
The poisoned needle barely misses the electric eel.
You hear a splash.
Firing (i - inventory. (,) - cycle):
c - 35 poisoned needles (quivered)
Press: ? - help, Shift-Dir - straight line, f/p - electric eel
Aim: an electric eel You shoot a poisoned needle.
The poisoned needle barely misses the electric eel.
The electric eel shoots out a bolt of lightning at you!
The bolt of electricity hits you!
* * * LOW HITPOINT WARNING * * *
The electric eel shoots out a bolt of lightning at you!
The bolt of electricity hits you!
You die...

#....##.# **#.......#
*≈####....##
*≈≈#≈#P≈≈.^##
*#≈≈≈≈≈P....#########
*********
##≈≈≈≈≈≈≈≈.........#
*<,,,,,,*
###≈≈≈≈≈.≈........#
*******,*
###≈≈≈P≈≈....>...#
*,,,,,,*
##..≈≈≈≈≈≈≈≈..@...#
*,******
#...≈.≈P≈≈≈≈≈.....#
***,******
###......≈P≈≈≈≈.....#
*,,,,,,,,*
.....#....≈≈≈≈..≈...#
*,*,****,*
...#'#....≈≈≈≈P≈≈..##
*,*,* *,*
>........P≈≈≈≈≈≈...#
*,*,* *,*
.......#.P.P≈≈≈P≈..#
*,*,****,*
.......#...P≈≈≈≈;..#
*,*,,,,,,*
##.....#...≈≈≈≈((..#
*,*********


You could see an electric eel.

Vanquished Creatures
  A black bear (D:6)
  An orc warrior (D:2)
  A sky beast (D:5)
  A bullfrog (D:6)
  A howler monkey (D:2)
  A crimson imp (D:6)
  A bullfrog zombie (D:6)
  An iguana (D:6)
  3 worker ants (D:6)
  An adder (D:3)
  A shadow imp (D:5)
  A worm (D:1)
  A dart slug (D:2)
  2 leopard geckos
  4 orcs
  5 bats
  2 giant cockroaches
  6 goblins
  6 hobgoblins
  10 kobolds
  A ball python (D:1)
  7 frilled lizards
  A leopard gecko skeleton (D:6)
  A quokka skeleton (D:6)
  6 rats
66 creatures vanquished.

Notes
Turn   | Place    | Note
-------+----------+-------------------------------------------
     0 | D:1      | PentaManta the Octopode Assassin began the quest for the Orb.
     0 | D:1      | Reached XP level 1. HP: 14/14 MP: 1/1
   304 | D:1      | Reached XP level 2. HP: 18/20 MP: 2/2
  1150 | D:2      | Noticed an orc warrior
  1255 | D:2      | Reached XP level 3. HP: 22/25 MP: 3/3
  1515 | D:2      | Found a sparkling altar of Nemelex Xobeh.
  1652 | D:2      | Reached XP level 4. HP: 27/31 MP: 4/4
  1716 | D:2      | Killed an orc warrior
  1716 | D:2      | Reached skill level 6 in Stealth
  1716 | D:2      | Reached XP level 5. HP: 16/37 MP: 5/5
  2894 | D:4      | You fall through a shaft for 3 floors!
  2894 | D:7      | Noticed a seven-headed hydra
  2928 | D:6      | Reached XP level 6. HP: 43/43 MP: 6/6
  2985 | D:6      | Noticed Dowan
  2985 | D:6      | Noticed VanClaymore's ghost (novice GrMo)
  3053 | D:6      | Noticed a black bear
  3078 | D:6      | Killed a black bear
  3097 | D:5      | Entered Level 5 of the Dungeon
  3123 | D:5      | Noticed a phantom
  3125 | D:5      | Noticed a sky beast
  3134 | D:5      | Killed a sky beast
  3134 | D:5      | Reached XP level 7. HP: 38/48 MP: 7/7
  3364 | D:6      | Reached skill level 5 in Short Blades
  3393 | D:6      | Reached skill level 7 in Stealth
  3942 | D:6      | Killed from afar by an electric eel

Skill      XL: |  1  2  3  4  5  6  7 |
---------------+----------------------+-----
Fighting       | 3 4 |  4.0
Short Blades   | 3 4 5 |  5.2
Stealth        | 6 7 |  7.0
Dodging        | 3 |  3.7
Throwing       | |  2.0

Action                   |  1- 3 |  4- 6 |  7- 9 || total
-------------------------+-------+-------+-------++-------
Melee: Dagger            |    72 |    36 |    23 ||   131
       Constrict         |    13 |     4 |     4 ||    21
       Tentacles         |     6 |     5 |     8 ||    19
 Fire: Blowgun           |       |     2 |     3 ||     5
  Use: Scroll            |       |       |    13 ||    13
 Stab: Sleeping          |     8 |    17 |     4 ||    29
  Eat: Chunk             |     1 |     5 |     2 ||     8
Armor: Skin              |     3 |     3 |       ||     6
Dodge: Dodged            |    32 |     6 |     9 ||    47
